AoeStats
← Rexie

Black Forest

508067558Analyzed
4v4 RM · 13d ago on Sep 20, 2026· 16m 32s· 8 players
Game mode
Random Map
Map size
Large (8 player)
Population
200
Speed
Normal
Resources
Standard
Victory
Conquest
Starting age
Dark Age
Ending age
Imperial Age
RankedLock teamsTeams togetherTeam positionsShared explorationLock speedFull tech treeHidden civsTurbo modeCheats
Victory
Defeat
🇮🇳 Romans · India
662
+11
🇮🇳 Franks · India
634
+12
🇮🇳 Britons · India
595
+14
🇮🇳 Hindustanis · India
550
+17
🇩🇪 Inca · Germany
633
-16
🇨🇴 Spanish · Colombia
596
-15
🇩🇪 Persians · Germany
588
-15
🇩🇪 Khmer · Germany
395
-8
Tegernseer1847
0:57 Loom
15:20 Feudal Age
17:25 Wheelbarrow
Johann Gustav
11:21 Feudal Age
13:32 Horse Collar
Jackpot
11:23 Feudal Age
13:00 Wheelbarrow
12:13 Double-Bit Axe
16:03 Horse Collar
roobinson.15
3:18 Loom
12:57 Feudal Age
15:02 Double-Bit Axe
17:03 Bloodlines
Rexie
0:46 Loom
14:57 Feudal Age
16:00 Town Watch
Wolvie
0:32 Loom
11:49 Feudal Age
12:32 Double-Bit Axe
14:17 Wheelbarrow
NaraSimham
1:41 Loom
15:57 Feudal Age
Cocainwrld
0:28 Loom
10:32 Feudal Age
11:54 Horse Collar
12:02 Double-Bit Axe
16:53 Wheelbarrow
16:12 Stone Mining
Connection lost

Rejoining the realm…

Still unreachable

The connection could not be restored.

Session expired

The server has moved on; the page needs a fresh start.